 Dungeon Crawl Stone Soup version 0.31-a0-246-g8cbcc1cb85 (webtiles) character file.

Game seed: 2392590026208894102

60 qw the Shooter (level 4, 0/26 HPs)
             Began as a Gargoyle Hexslinger on July 12, 2023.
             Slain by Sigmund
             ... wielding a +0 scythe
              (6 damage)
             ... on level 2 of the Dungeon.
             The game lasted 00:00:25 (870 turns).

qw the Shooter (Gargoyle Hexslinger)                 Turns: 870, Time: 00:00:26

Health: 0/26       AC: 11    Str: 11    XL:     4   Next: 4%
Magic:  5/5        EV: 10    Int: 14    God:
Gold:   76         SH:  0    Dex: 14    Spells: 4/5 levels left

rFire   . . .        Y - +1 sling
rCold   . . .        (no shield)
rNeg    + . .        g - +3 ring mail
rPois   inf          (no helmet)
rElec   +            (no cloak)
rCorr   .            (no gloves)
SInv    .            (no boots)
Will    .....        (no amulet) Stlth
                     (no ring)
HPRegen 0.24/turn    (no ring)
MPRegen 0.09/turn

%: no passive effects
@: confused
A: sickness immunity, AC +3, negative energy resistance 1, electricity
resistance, torment resistance 1, petrification resistance
a: no special abilities


You were on level 2 of the Dungeon.
You visited 1 branch of the dungeon, and saw 2 of its levels.

You collected 76 gold pieces.


Innate Abilities, Weirdness & Mutations

You are immune to sickness and miasma.
Your stone body is resilient. (AC +3)
You are immune to poison.
You resist negative energy. (rN+)
You are resistant to electric shocks. (rElec)
You are resistant to unholy torment.
You are immune to petrification.


   Skills:
 - Level 2.0 Fighting
 + Level 3.8 Ranged Weapons
 - Level 1.5 Dodging
 - Level 1.0 Spellcasting
 - Level 2.6 Hexes


You had 4 spell levels left.
You knew the following spells:

 Your Spells              Type           Power      Damage    Failure   Level
a - Slow                  Hex            32%        N/A       22%         1

Your spell library contained the following spells:

 Spells                   Type           Power      Damage    Failure   Level
 Inner Flame              Hex/Fire       4%         N/A       73%         3
 Portal Projectile        Hex/Tloc       8%         N/A       73%         3
 Cause Fear               Hex            4%         N/A       91%         4

Inventory:

Hand Weapons
 Y - a +1 sling (weapon)
Armour
 g - a +3 ring mail (worn)
Scrolls
 a - a scroll of teleportation {unknown}
Potions
 i - a potion of degeneration {unknown}

Dungeon Overview and Level Annotations

Branches:
Dungeon (2/15)

Altars:

Annotations:
D:2 Sigmund


Message History

The jackal bites you.
Sigmund mumbles some strange words.
Sigmund flickers and vanishes!
Deactivating autopickup; reactivate with Ctrl-A.
The jackal closely misses you.
You shoot a sling bullet.
The sling bullet barely misses the jackal.
The jackal misses you. Something hits you but does no damage.
The ball python barely misses you. The ball python grabs you.
The ball python constricts you. The jackal barely misses you.
You shoot a sling bullet.
The sling bullet closely misses the ball python.
The ball python bites you but does no damage.
The ball python constricts you.
A rat comes into view.
The jackal barely misses you. Something completely misses you.
The ball python bites you but does no damage.
The ball python constricts you. The jackal bites you.
You shoot a sling bullet. The sling bullet hits the ball python!
You kill the ball python!
The jackal bites you but does no damage.
Something hits you but does no damage.
The jackal bites you but does no damage.
You shoot a sling bullet.
The sling bullet barely misses the jackal.
The jackal bites you but does no damage.
Something hits you!
The jackal bites you but does no damage.
You shoot a sling bullet. The sling bullet hits the jackal.
You kill the jackal!
Something hits you.
865 ||| FLEEEEING.
866 ||| FLEEEEING.
You hear some strange, mumbled words.
You are confused.
Something hits you but does no damage. The rat bites you but does no damage.
The rat barely misses you. Something hits you. The rat bites you.
Something hits you.
You die...

###### #....# ##.....
##....# ##...... .....#
#...<... #....# #...>...
..%.## #....... ##....#
##....... ##..##.####
###........
##....r@...###..........
#..........##.)###......
.......%{.#...#..## ##.....
..#......#>#..#.#####.....#
. #.......#.............###
#............###....###
>............## ##.#
..#...........#
...#....%....!#


You could see a rat.

Vanquished Creatures
  Terence (D:1)
  A dart slug (D:1)
  3 ball pythons
  2 endoplasms
  A giant cockroach (D:1)
  2 goblins
  2 hobgoblins
  5 jackals
  2 kobolds
  3 quokkas
  3 bats
  3 frilled lizards (D:1)
  5 rats
33 creatures vanquished.

Notes
Turn   | Place    | Note
-------+----------+-------------------------------------------
     0 | D:1      | qw the Gargoyle Hexslinger began the quest for the Orb.
     0 | D:1      | Reached XP level 1. HP: 12/12 MP: 2/2
     0 | D:1      | 0 ||| qw: Version: 0.3-a-52-g30416fa
     0 | D:1      | 0 ||| qw: Game counter: 6396
     0 | D:1      | 0 ||| qw: Melee chars always use a shield: true
     0 | D:1      | 0 ||| qw: God list: Okawaru
     0 | D:1      | 0 ||| qw: Allow faded altars: false
     0 | D:1      | 0 ||| qw: Do Orc after clearing Dungeon:15 true
     0 | D:1      | 0 ||| qw: Do second Lair branch before Depths: true
     0 | D:1      | 0 ||| qw: Lair rune preference: random
     0 | D:1      | 0 ||| qw: Goals: Normal
     0 | D:1      | 0 ||| PLANNING D:1-11
   142 | D:1      | Reached XP level 2. HP: 11/16 MP: 3/3
   250 | D:1      | Reached skill level 3 in Ranged Weapons
   571 | D:1      | Found a faded altar of an unknown god.
   571 | D:1      | Noticed a red devil
   673 | D:1      | 673 ||| UPGRADING to +0 ring mail.
   683 | D:1      | 683 ||| DROPPING +0 robe.
   684 | D:1      | 684 ||| UPGRADING to +3 ring mail.
   694 | D:1      | 694 ||| DROPPING +0 ring mail.
   695 | D:1      | 695 ||| READING scroll labelled HUDGHO FIGHAIGG.
   696 | D:1      | 696 ||| READING scroll labelled SOAKKOP AMOUNE.
   709 | D:1      | 709 ||| DRINKING 2 lumpy clear potions.
   710 | D:1      | 710 ||| DROPPING scroll of poison.
   711 | D:1      | 711 ||| DROPPING potion of brilliance.
   724 | D:2      | Noticed Terence
   727 | D:2      | Reached XP level 3. HP: 21/21 MP: 4/4
   732 | D:2      | 732 ||| STAIRDANCE
   743 | D:1      | Killed Terence
   852 | D:2      | Noticed Sigmund
   855 | D:2      | Reached XP level 4. HP: 26/26 MP: 5/5
   865 | D:2      | 865 ||| FLEEEEING.
   866 | D:2      | 866 ||| FLEEEEING.
   870 | D:2      | HP: 6/26 [rat (2)]
   870 | D:2      | Slain by Sigmund

Levels and vault maps discovered:
D:1:      dpeg_arrival_arbitrary_b, layout_basic,
          dreamdust_ecumenical_altar_sealed_demon
D:2:      minmay_wonky_spiral, layout_rooms, st_stairs_14, uniq_sigmund,
          uniq_terence, uniq_robin

Skill      XL: |  1  2 |
---------------+-------+-----
Ranged Weapons | 3 |  3.8
Fighting       | 2 |  2.0
Dodging        | |  1.5
Spellcasting   | |  1.0
Hexes          | |  2.6

Action                     |  1- 3 |  4- 6 || total
---------------------------+-------+-------++-------
   Fire: Sling             |    96 |    10 ||   106
    Use: Scroll            |     2 |       ||     2
         Potion            |     1 |       ||     1
 Armour: Robe              |    20 |       ||    20
         Ring mail         |    14 |    12 ||    26
  Dodge: Dodged            |    68 |    13 ||    81

Table legend:
 A = Non-vault XP
 B = Vault XP
 C = Vault XP percentage of total XP
 D = Non-vault monster count
 E = Vault monster count
 F = Vault count percentage of total count
                 A         B        C        D         E       F
            +---------+---------+-------+---------+---------+-------
      Total |      53 |      33 |  38.4 |      31 |       2 |   6.1
            +---------+---------+-------+---------+---------+-------
        D:1 |      34 |      32 |  48.5 |      20 |       1 |   4.8
        D:2 |      19 |       1 |   5.0 |      11 |       1 |   8.3
            +---------+---------+-------+---------+---------+-------
